cohdb
Replays
Latest Replays
All Replays
Popular Replays
Top Player Replays
Match Explorer
How It Works
Community
CoH3 Stats
Reddit
Sign in to upload your games and track your stats! →
Sign in with Steam
Match 40848500
Unlisted
Match 40848500
Overview
Messages
Build Orders
End
Kettenkrad Recon Vehicle
Construct Infanterie Kompanie
Selects Terror Battlegroup
Selects Terror Battlegroup
Selects Machine Gun Camouflage
Grenadier Squad
MG 42 Machine Gun Team
MG 42 Machine Gun Team
Grenadier Squad
Construct Luftwaffe Kompanie
GrW 34 Mortar Team
Support Elements
Wirbelwind Flakpanzer
Jäger Squad
Construct Panzer Kompanie
Selects Interrogate
Selects Propaganda Leaflet Drop
Propaganda Leaflet Drop
MG 42 Machine Gun Team
Medical Bunker
Panzer IV Medium Tank
MG 42 Bunker
FitzBro
Naveed #No2IRGC
Akuma Nihmune is my OSHI
White_Wolfsage
Snake Doctor
The Dread Pirate Roberts
0
0
Comments
sign in to comment!
No comments posted yet!